 Dungeon Crawl Stone Soup version 0.26-a0-707-g31817bcca1 (webtiles) character file.

Game seed: 4940721642941962990

1244 dickylongcocking the Covert (level 8, -7/52 HPs)
             Began as an Octopode Fighter on Oct 26, 2020.
             Was an Initiate of Gozag.
             Hit by a boomerang thrown by an orc warrior (17 damage)
             ... on level 5 of the Dungeon.
             The game lasted 00:04:52 (7830 turns).

dickylongcocking the Covert (Octopode Fighter)      Turns: 7830, Time: 00:04:53

Health: -7/52      AC:  1    Str: 16    XL:     8   Next: 50%
Magic:  0/8        EV: 12    Int: 12    God:    Gozag
Gold:   741        SH: 10    Dex: 11    Spells: 7/7 levels left

rFire    . . .     SeeInvis .     - Unarmed
rCold    . . .     Faith    .   a - +0 kite shield
rNeg     . . .     Spirit   +   (helmet restricted)
rPois    .         Reflect  .   j - amulet of guardian spirit
rElec    .         Harm     .   c - ring of wizardry
rCorr    .         Rampage  .   (no ring)
MR       .....                  (no ring)
Stlth    +++++.....             (no ring)
HPRegen  0.17/turn              (no ring)
MPRegen  0.11/turn              (no ring)
                                (no ring)
                                (no ring)

@: mighty, gold aura
A: almost no armour, stealthy swim, amphibious, 8 rings, constrict 8, camouflage
1, gelatinous body 1
a: Potion Petition, Call Merchant, Bribe Branch, Renounce Religion


You were on level 5 of the Dungeon.
You worshipped Gozag.
Gozag was pleased with you.
You visited 2 branches of the dungeon, and saw 7 of its levels.

You collected 810 gold pieces.
You paid 69 gold pieces to Gozag.

Inventory:

Missiles
 l - 37 poisoned darts
 r - 2 curare-tipped darts (quivered)
Armour
 a - a +0 kite shield (worn)
Jewellery
 c - a ring of wizardry (left tentacle)
 j - an amulet of guardian spirit (around mantle)
Wands
 q - a wand of polymorph (9)
Scrolls
 d - a scroll of enchant weapon {unknown}
 e - 4 scrolls of identify {unknown}
 f - a scroll of enchant armour {unknown}
 h - a scroll of fog {unknown}
 i - 3 scrolls of amnesia {unknown}
 k - 2 scrolls of teleportation {unknown}
 m - a scroll of remove curse {unknown}
 n - a scroll of magic mapping {unknown}
 p - a scroll of fear {unknown}
 s - a scroll of immolation {unknown}
Potions
 b - 2 potions of resistance
 g - a potion of stabbing


   Skills:
 * Level 3.3 Fighting
 - Level 3.0 Dodging
 * Level 8.0 Stealth
 * Level 6.4 Shields
 * Level 5.9 Unarmed Combat


You had 7 spell levels left.
You didn't know any spells.
Your spell library was empty.

Dungeon Overview and Level Annotations

Branches:
Dungeon (6/15)             Temple (1/1) D:4

Altars:
Ashenzari
Cheibriados
Dithmenos
Elyvilon
Fedhas
Gozag
Hepliaklqana
Kikubaaqudgha
Makhleb
Nemelex Xobeh
Okawaru
Qazlal
Ru
Sif Muna
Trog
Uskayaw
Vehumet
Wu Jian
Xom
Yredelemnul
Zin
The Shining One

Annotations:
D:3 2 runed translucent doors, tinescath's ghost, amateur OgBe


Innate Abilities, Weirdness & Mutations

You cannot wear most types of armour.
You are very stealthy in the water. (Stealth+)
You are amphibious.
You can wear up to eight rings at the same time.
You can use your tentacles to constrict eight enemies at once.
Your skin changes colour to match your surroundings (Stealth+).
Your rubbery body absorbs attacks. (AC +1, EV +1)


Message History

Okay, then.
Okay, then.
Evoke which item? (* to show all) (? for menu, Esc to quit)
Okay, then.
You tentacle-slap the orc wizard. You grab the orc wizard.
You squeeze the orc wizard!
You kill the orc wizard!
The orc warrior throws a boomerang.
The boomerang closely misses you.
The weapon returns to the orc warrior!
The orc closely misses you.
Unknown command.
Unknown command.
You closely miss the orc wizard. You grab the orc wizard.
You constrict the orc wizard. The orc barely misses you.
You block the orc wizard's attack.
Unknown command.
Unknown command.
You release your grip on the orc wizard.
The orc warrior throws a boomerang.
The boomerang hits you!!
You die...
Your body crumbles into a pile of gold.

...###..# #####...P§P§## ###.
....##..#####....>....§P.#####...
...###...........#######§§......(
...##.............## ##........
..###.............)### ##.......
.###...............>.## #.......
###.#............oo...# #.......
##.##.............o...# #.......
#.###...........@.....# #.......
[###..................# ##....<.
## #.................## ##..... #
#.....)...........# #..... #
##................## ###.#...
#................## ###...####
##..............## ###.......##
##............#####.......#..#
##..........####........###..


You could see an orc warrior, an orc wizard and an orc.

Vanquished Creatures
  An ice beast (D:5)
  A sky beast (D:5)
  A centaur (D:5)
  An ogre (D:4)
  A water moccasin zombie (D:5)
  3 scorpions
  A howler monkey (D:4)
  A hound (D:5)
  A bullfrog skeleton (D:5)
  2 orc priests
  A gnoll shaman (D:5)
  A jelly (D:5)
  A centaur skeleton (D:5)
  An iguana (D:5)
  An orc wizard (D:5)
  3 worker ants
  4 hound zombies (D:5)
  2 worker ant zombies (D:5)
  6 gnolls
  10 adders
  A white imp (D:2)
  An ufetubus (D:5)
  2 adder zombies (D:5)
  An adder skeleton (D:4)
  2 worms (D:5)
  7 leopard geckos
  10 orcs
  7 giant cockroaches
  3 goblins
  5 hobgoblins
  6 jackals
  4 kobolds (D:2)
  3 quokkas
  2 ball pythons
  3 bats
  3 frilled lizards
  A giant cockroach zombie (D:5)
  3 jackal skeletons
  2 quokka zombies (D:5)
  8 rats
117 creatures vanquished.

Vanquished Creatures (others)
  An ogre (D:5)
  A hound (D:5)
  A gnoll (D:5)
3 creatures vanquished.

Grand Total: 120 creatures vanquished

Notes
Turn   | Place    | Note
-------+----------+-------------------------------------------
     0 | D:1      | dickylongcocking the Octopode Fighter began the quest for
                  | the Orb.
     0 | D:1      | Reached XP level 1. HP: 16/16 MP: 1/1
   161 | D:1      | Reached skill level 1 in Stealth
   280 | D:1      | Reached XP level 2. HP: 18/21 MP: 2/2
   850 | D:1      | Reached skill level 2 in Stealth
   867 | D:2      | Reached XP level 3. HP: 21/26 MP: 3/3
  1584 | D:2      | Reached XP level 4. HP: 31/31 MP: 4/4
  1596 | D:2      | Reached skill level 3 in Stealth
  2535 | D:3      | Found a runed translucent door.
  2541 | D:3      | Found a broken altar of Ashenzari.
  2803 | D:3      | Reached XP level 5. HP: 36/36 MP: 5/5
  3049 | D:3      | Noticed tinescath's ghost (amateur OgBe)
  3074 | D:3      | Found a runed translucent door.
  3136 | D:3      | Reached skill level 4 in Stealth
  3423 | D:4      | Found a staircase to the Ecumenical Temple.
  3434 | D:4      | Reached XP level 6. HP: 26/42 MP: 4/6
  3728 | Temple   | Entered the Ecumenical Temple
  4416 | Temple   | Became a worshipper of Gozag Ym Sagoz the Greedy
  4483 | D:4      | Reached skill level 5 in Stealth
  4784 | D:4      | Reached skill level 5 in Shields
  4784 | D:4      | Reached XP level 7. HP: 22/46 MP: 3/7
  5170 | D:4      | Reached skill level 6 in Stealth
  5523 | D:5      | Entered Level 5 of the Dungeon
  5922 | D:5      | Reached skill level 5 in Unarmed Combat
  6163 | D:5      | Reached skill level 7 in Stealth
  6432 | D:5      | Reached XP level 8. HP: 42/52 MP: 6/8
  7088 | D:5      | Found a shimmering altar of Xom.
  7622 | D:6      | Reached skill level 8 in Stealth
  7830 | D:5      | Hit by a boomerang thrown by an orc warrior

Illustrated notes

Levels and vault maps discovered:
D:1:      shiori_shiawase, layout_basic
D:2:      layout_loops_ring, minmay_hexomino_p4
D:3:      layout_basic, old_standard_altar, ebering_ghost_sewer_f
D:4:      layout_basic, minmay_temple_entry_statues_fountains
D:5:      layout_cave_pods, serial_undead, serial_undead_d, serial_undead_b,
          serial_undead_c, serial_undead_e, serial_undead_c, xom_confusion_cloud
D:6:      layout_gridville, nicolae_ru_path_of_blood
Temple:   nicolae_temple_the_god_donut

Skill      XL: |  1  2  3  4  5  6  7  8 |
---------------+-------------------------+-----
Stealth        | 1 2 3 4 5 7 8 |  8.0
Unarmed Combat | 3 4 5 |  5.9
Shields        | 4 5 6 |  6.4
Fighting       | |  3.3
Dodging        | |  3.0

Action                   |  1- 3 |  4- 6 |  7- 9 || total
-------------------------+-------+-------+-------++-------
Melee: Unarmed           |    73 |   107 |   142 ||   322
       Constrict         |    20 |    25 |    29 ||    74
       Tentacles         |     9 |    15 |    31 ||    55
       Punch             |     1 |     7 |     6 ||    14
Throw: Dart              |       |       |    20 ||    20
  Use: Potion            |       |     6 |     5 ||    11
 Stab: Sleeping          |     8 |     9 |    11 ||    28
       Distracted        |       |     1 |     1 ||     2
Armor: Skin              |     6 |     5 |     3 ||    14
Dodge: Dodged            |    25 |    41 |    55 ||   121
Block: Kite shield       |    20 |    51 |    66 ||   137

Table legend: (Time is in decaauts)
 A = Elapsed time spent in this place.
 B = Non-inter-level travel time spent in this place.
 C = Inter-level travel time spent in this place.
 D = Time resting spent in this place.
 E = Time spent auto-exploring this place.
 F = Levels seen in this place.
 G = Mean time per level.
                   A        B        C        D        E       F      G
               +--------+--------+--------+--------+--------+-----+--------+
         Total |   7833 |   7725 |    108 |   1527 |   5116 |   7 | 1119.0 |
       Dungeon |   7134 |   7036 |     98 |   1427 |   4601 |   6 | 1189.0 |
        Temple |    699 |    689 |     10 |    100 |    515 |   1 |  699.0 |
               +--------+--------+--------+--------+--------+-----+--------+

Top non-repeatable levels by time:
     D:5: 2153 daAuts
     D:2: 1477 daAuts
     D:3: 1329 daAuts
     D:4: 1162 daAuts
     D:1: 858 daAuts
  Temple: 699 daAuts
     D:6: 152 daAuts
